 Dungeon Crawl Stone Soup version 0.20-a0-870-g4070442 (console) character file.

44 hittembot the Ruffian (level 3, -6/31 HPs)
             Began as a Ghoul Monk on Mar 13, 2017.
             Mangled by an orc
             ... wielding a +0 war axe
              (7 damage)
             ... on level 3 of the Dungeon.
             The game lasted 00:02:50 (1294 turns).

hittembot the Ruffian (Ghoul Monk)                  Turns: 1294, Time: 00:02:51

Health: -6/31      AC:  2    Str: 15    XL:     3   Next: 60%
Magic:  2/2        EV: 13    Int:  5    God:
Gold:   27         SH:  0    Dex: 11    Spells: 2/2 levels left

rFire    . . .     SeeInvis .     - Unarmed
rCold    + . .     Gourm    .   a - +0 robe
rNeg     + + +     Faith    .   (no shield)
rPois    ∞         Spirit   .   (no helmet)
rElec    .         Reflect  .   (no cloak)
rCorr    .         Harm     .   (no gloves)
MR       .....                  (no boots)
Stlth    ++........             (no amulet)
Regen    0.0/turn               (no ring)
MPRegen  0.1/turn               (no ring)

@: rotting
A: rotting body, claws 1, carnivore 3, cold resistance 1, negative energy
resistance 3, inhibited regeneration, torment resistance, unbreathing
a: no special abilities


You were on level 3 of the Dungeon.
You were not hungry.

You visited 1 branch of the dungeon, and saw 3 of its levels.

You collected 27 gold pieces.

Inventory:

Armour
 a - a +0 robe (worn)
Jewellery
 e - a +2 amulet of reflection {unknown}
 f - a +3 amulet of reflection {unknown}
Scrolls
 d - 3 scrolls of identify {unknown}
 h - a scroll of remove curse {unknown}
 i - a scroll of enchant weapon {unknown}
Potions
 j - a potion of curing {unknown}
 k - a potion of cancellation {unknown}
 l - 2 potions of degeneration {unknown}
 m - a potion of might {unknown}
Comestibles
 b - a meat ration
 c - a chunk of flesh
 g - a royal jelly


   Skills:
 + Level 3.6 Fighting
 + Level 3.1 Dodging
 + Level 2.3 Stealth
 + Level 4.1 Unarmed Combat


You had 2 spell levels left.
You didn't know any spells.

Dungeon Overview and Level Annotations

Branches:
Dungeon (3/15)

Altars:


Innate Abilities, Weirdness & Mutations

Your body is rotting away.
You thrive on raw meat.
You are immune to poison.
You have sharp fingernails.
You are carnivorous and can eat meat at any time.
Your flesh is cold resistant. (rC+)
You are immune to negative energy. (rN+++)
You do not regenerate when monsters are visible.
You are immune to unholy pain and torment.
You can survive without breathing.


Message History

The leopard gecko is almost dead.
The quokka barely misses you. The quokka bites you.
The leopard gecko misses you.
You scratch the leopard gecko.
You kill the leopard gecko!
The quokka misses you. The quokka bites you.
You completely miss the orc. The quokka misses you.
The quokka barely misses you. The orc hits you with a mace!
You claw the orc!
You kill the orc!
The quokka bites you.
* * * LOW HITPOINT WARNING * * *
The quokka closely misses you. The quokka bites you.
* * * LOW HITPOINT WARNING * * *
You scratch the orc.
The orc is heavily wounded.
The quokka bites you.
* * * LOW HITPOINT WARNING * * *
The orc hits you with a war axe!
You die...

#.....# #.....#
########### ###...# ...
..# #...# .... #.#
#.###
...#####[#####.########
.....................>.
##.....############.#
#.....# #.# #.o@..# #.#
#.rr..# #.# #o....# #.#
.>....... #.#
..######### #.# #...
#.. #.


You could see 2 orcs and 2 quokkas.

Vanquished Creatures
  A shadow imp (D:3)
  2 dart slugs (D:1)
  2 leopard geckos
  2 orcs (D:3)
  A ball python (D:3)
  A giant cockroach (D:1)
  A goblin (D:1)
  3 hobgoblins (D:1)
  2 jackals (D:1)
  4 kobolds (D:1)
  4 bats (D:1)
  A quokka zombie (D:3)
  4 rats
  4 toadstools (D:1)
32 creatures vanquished.

Notes
Turn   | Place    | Note
-------+----------+-------------------------------------------
     0 | D:1      | hittembot the Ghoul Monk began the quest for the Orb.
     0 | D:1      | Reached XP level 1. HP: 19/19 MP: 0/0
   252 | D:1      | Reached XP level 2. HP: 10/26 MP: 1/1
  1061 | D:1      | Reached XP level 3. HP: 31/31 MP: 2/2
  1162 | D:3      | Reached skill level 4 in Unarmed Combat
  1294 | D:3      | HP: 1/31 [quokka (3)]
  1294 | D:3      | Mangled by an orc

Vault maps used:
D:1:      ldierk_water_garden, serial_forest, infiniplex_forest_clump_diagonal,
          infiniplex_forest_clump_tiny, infiniplex_forest_clump_medium,
          infiniplex_forest_straight_1, infiniplex_forest_corner_2,
          infiniplex_forest_end_2
D:2:      first_bread, nicolae_tso_swordbearing_angel

Skill      XL: |  1  2  3 |
---------------+----------+-----
Dodging        | 3 |  3.1
Unarmed Combat | 4 |  4.1
Fighting       | |  3.6
Stealth        | |  2.3

Action                   || total
-------------------------++-------
Melee: Unarmed           ||    83
       Punch             ||     1
 Stab: Sleeping          ||     1
       Distracted        ||     1
  Eat: Chunk             ||     3
Armor: Robe              ||    12
Dodge: Dodged            ||    46
